[ AOE2 MATCH · #505253373 ]
UnrankedCelts vs Malians
Player's team · LOSS
Rival team · WIN
[ REPLAY ANALYSIS · EXTRACTED FROM THE RECORDED GAME ]
Feudal
11:41
Castle
23:46
Imperial
—
| APM avg | 67.3 |
| APM peak | 103 |
| eAPM avg | 36.5 |
| Villagers / military | 177 / 94 |
Focus
⚔️ 47.5% · 🌾 52.5%
Woad Raider ×42 · Militia ×14 · Skirmisher ×14 · Battering Ram ×13 · Scorpion ×4 · Mangonel ×3
Feudal
8:37
Castle
20:51
Imperial
34:16
| APM avg | 50.5 |
| APM peak | 80 |
| eAPM avg | 21.6 |
| Villagers / military | 129 / 57 |
Focus
⚔️ 36.2% · 🌾 63.8%
Hand Cannoneer ×21 · Archer ×20 · Knight ×4 · Monk ×3 · Militia ×3 · Mangonel ×3
Match map
Initial resources + every placement click. Lines = walls · curves = elevation contours. ◆ gold · ⬟ stone · ● berries · ✦ relic · ◌ wall gap
Your base· ✓ Closed at 23:46 · 21t walls · no gate
令狐冲's base· Open — opponent sealed themselves in
Smoothed initial terrain · ◌ = detected wall gap · hover for details
Inputs per minute
— The nicest husband - - 令狐冲
Build order — The nicest husband
First 150 of 418 actions detected
| 0:01 | Queue | Villager (Male) ×4 |
| 0:01 | Queue | Villager (Male) ×4 |
| 0:02 | Build | House |
| 0:02 | Build | House |
| 1:25 | Queue | Villager (Male) |
| 1:25 | Queue | Villager (Male) |
| 1:52 | Build | Lumber Camp |
| 2:05 | Queue | Villager (Male) |
| 2:05 | Queue | Villager (Male) |
| 2:14 | Queue | Villager (Male) |
| 2:14 | Queue | Villager (Male) |
| 2:25 | Queue | Villager (Male) |
| 3:17 | Queue | Villager (Male) |
| 3:22 | Queue | Villager (Male) |
| 3:23 | Queue | Villager (Male) |
| 4:04 | Queue | Villager (Male) |
| 4:04 | Queue | Villager (Male) |
| 4:07 | Build | House |
| 4:25 | Queue | Villager (Male) |
| 4:25 | Queue | Villager (Male) |
| 4:45 | Build | House |
| 4:46 | Queue | Villager (Male) |
| 4:56 | Build | Barracks |
| 5:30 | Queue | Villager (Male) |
| 5:30 | Queue | Villager (Male) |
| 5:30 | Queue | Villager (Male) |
| 5:46 | Build | Mill |
| 5:59 | Queue | Militia |
| 5:59 | Queue | Militia |
| 5:59 | Queue | Militia |
| 6:36 | Queue | Villager (Male) |
| 6:36 | Queue | Villager (Male) |
| 6:46 | Queue | Militia |
| 6:46 | Queue | Militia |
| 6:53 | Build | House |
| 7:07 | Queue | Villager (Male) |
| 7:07 | Queue | Villager (Male) |
| 7:25 | Queue | Villager (Male) |
| 7:32 | Build | Mining Camp |
| 8:07 | Queue | Villager (Male) |
| 8:32 | Queue | Villager (Male) |
| 8:52 | Research | Loom |
| 9:02 | Build | Palisade Wall |
| 9:03 | Build | Palisade Wall |
| 9:31 | Research | Feudal Age |
| 9:32 | Research | Feudal Age |
| 9:39 | Build | House |
| 9:46 | Build | Palisade Wall |
| 9:53 | Build | Palisade Wall |
| 9:54 | Build | Palisade Wall |
| 9:58 | Build | Palisade Wall |
| 10:00 | Build | Palisade Wall |
| 10:27 | Queue | Villager (Male) |
| 10:54 | Queue | Villager (Male) |
| 11:06 | Build | Farm |
| 11:06 | Build | Farm |
| 11:11 | Queue | Villager (Male) |
| 11:31 | Build | Farm |
| 11:32 | Build | Farm |
| 11:33 | Build | Farm |
| 11:41 | Age | Feudal Age |
| 11:53 | Research | Man-at-Arms (upgrade) |
| 11:57 | Build | Lumber Camp |
| 12:00 | Build | Archery Range |
| 12:11 | Build | Farm |
| 12:19 | Queue | Villager (Male) |
| 12:30 | Build | Farm |
| 12:51 | Build | Farm |
| 12:55 | Queue | Skirmisher |
| 12:55 | Queue | Skirmisher |
| 12:59 | Queue | Villager (Male) |
| 12:59 | Queue | Villager (Male) |
| 13:18 | Build | Farm |
| 13:26 | Queue | Villager (Male) |
| 13:26 | Queue | Villager (Male) |
| 13:33 | Build | Farm |
| 13:41 | Build | House |
| 13:53 | Build | House |
| 13:53 | Queue | Skirmisher |
| 13:53 | Queue | Skirmisher |
| 13:58 | Queue | Villager (Male) |
| 13:58 | Queue | Villager (Male) |
| 14:02 | Build | House |
| 14:06 | Build | House |
| 14:11 | Build | House |
| 14:13 | Build | House |
| 14:17 | Queue | Villager (Male) |
| 14:18 | Queue | Skirmisher |
| 14:33 | Queue | Villager (Male) |
| 14:35 | Queue | Skirmisher |
| 14:35 | Queue | Skirmisher |
| 14:47 | Build | Palisade Wall |
| 14:51 | Build | Palisade Wall |
| 14:58 | Queue | Skirmisher |
| 15:01 | Build | House |
| 15:02 | Queue | Villager (Male) |
| 15:20 | Queue | Skirmisher |
| 15:21 | Queue | Villager (Male) |
| 15:29 | Queue | Militia |
| 15:29 | Queue | Militia |
| 15:33 | Build | Blacksmith |
| 15:42 | Queue | Militia |
| 15:42 | Queue | Militia |
| 15:50 | Research | Double-Bit Axe |
| 15:50 | Research | Double-Bit Axe |
| 15:55 | Queue | Militia |
| 15:55 | Queue | Militia |
| 15:58 | Build | House |
| 16:36 | Queue | Militia |
| 16:41 | Queue | Villager (Male) |
| 17:04 | Queue | Villager (Male) |
| 17:04 | Queue | Villager (Male) |
| 17:07 | Queue | Skirmisher |
| 17:07 | Queue | Skirmisher |
| 17:09 | Build | Farm |
| 17:10 | Build | Farm |
| 17:11 | Build | Farm |
| 17:18 | Queue | Skirmisher |
| 17:40 | Queue | Villager (Male) |
| 17:49 | Queue | Villager (Male) |
| 17:52 | Build | House |
| 17:55 | Build | House |
| 17:57 | Build | Palisade Wall |
| 17:58 | Build | Palisade Wall |
| 17:59 | Queue | Villager (Male) |
| 18:05 | Queue | Villager (Male) |
| 18:08 | Build | Market |
| 18:09 | Build | House |
| 18:10 | Build | House |
| 18:11 | Build | House |
| 18:14 | Build | House |
| 18:15 | Build | House |
| 18:16 | Queue | Villager (Male) |
| 18:20 | Queue | Militia |
| 18:33 | Build | Farm |
| 18:36 | Build | House |
| 18:39 | Build | Palisade Wall |
| 18:56 | Research | Arson |
| 18:57 | Research | Arson |
| 19:05 | Build | Palisade Wall |
| 19:06 | Build | Palisade Wall |
| 19:10 | Queue | Villager (Male) |
| 19:22 | Queue | Villager (Male) |
| 19:25 | Build | Farm |
| 19:26 | Build | Farm |
| 19:27 | Research | Fletching |
| 19:27 | Research | Fletching |
| 19:29 | Queue | Villager (Male) |
| 19:34 | Research | Scale Mail Armor |
| 19:53 | Queue | Villager (Male) |
Build order — 令狐冲
First 150 of 337 actions detected
| 0:01 | Queue | Villager (Male) |
| 0:01 | Queue | Villager (Male) |
| 0:02 | Build | House |
| 0:03 | Build | House |
| 0:08 | Queue | Villager (Male) |
| 0:09 | Queue | Villager (Male) |
| 1:34 | Queue | Villager (Male) |
| 2:01 | Queue | Villager (Male) |
| 2:20 | Build | Lumber Camp |
| 2:29 | Queue | Villager (Male) |
| 2:29 | Queue | Villager (Male) |
| 2:45 | Queue | Villager (Male) |
| 3:13 | Queue | Villager (Male) |
| 3:33 | Build | House |
| 3:35 | Queue | Villager (Male) |
| 3:43 | Queue | Villager (Male) |
| 4:10 | Queue | Villager (Male) |
| 4:54 | Build | Barracks |
| 5:03 | Queue | Villager (Male) |
| 5:06 | Build | House |
| 5:08 | Build | Palisade Wall |
| 5:51 | Research | Loom |
| 6:27 | Research | Feudal Age |
| 6:44 | Queue | Militia |
| 6:45 | Queue | Militia |
| 6:51 | Build | Mill |
| 7:18 | Build | Mining Camp |
| 7:30 | Queue | Militia |
| 8:13 | Queue | Villager (Male) |
| 8:37 | Age | Feudal Age |
| 8:39 | Build | Archery Range |
| 8:41 | Research | Double-Bit Axe |
| 8:41 | Research | Double-Bit Axe |
| 9:05 | Queue | Villager (Male) |
| 9:20 | Queue | Villager (Male) |
| 9:26 | Build | House |
| 9:30 | Queue | Archer |
| 10:04 | Queue | Villager (Male) |
| 10:08 | Queue | Archer |
| 10:19 | Build | House |
| 10:27 | Queue | Villager (Male) |
| 10:58 | Queue | Villager (Male) |
| 11:01 | Queue | Villager (Male) |
| 11:01 | Queue | Villager (Male) |
| 11:01 | Queue | Villager (Male) |
| 11:08 | Build | Farm |
| 11:14 | Build | Blacksmith |
| 11:38 | Queue | Villager (Male) |
| 11:38 | Queue | Villager (Male) |
| 11:38 | Queue | Villager (Male) |
| 11:39 | Queue | Villager (Male) |
| 11:50 | Queue | Villager (Male) |
| 11:59 | Queue | Villager (Male) |
| 12:09 | Build | Farm |
| 12:10 | Queue | Villager (Male) |
| 12:15 | Queue | Archer |
| 12:28 | Queue | Villager (Male) |
| 12:35 | Build | Farm |
| 12:37 | Build | Farm |
| 12:58 | Queue | Villager (Male) |
| 13:05 | Build | Farm |
| 13:09 | Queue | Archer |
| 13:34 | Build | Farm |
| 13:37 | Build | House |
| 13:48 | Research | Fletching |
| 14:00 | Research | Man-at-Arms (upgrade) |
| 14:00 | Research | Man-at-Arms (upgrade) |
| 14:02 | Build | Farm |
| 14:19 | Queue | Villager (Male) |
| 14:21 | Build | House |
| 14:22 | Build | House |
| 14:26 | Build | Farm |
| 14:27 | Build | Farm |
| 14:45 | Queue | Villager (Male) |
| 14:46 | Queue | Villager (Male) |
| 14:46 | Queue | Villager (Male) |
| 14:50 | Queue | Archer |
| 14:57 | Build | Farm |
| 15:11 | Build | Palisade Wall |
| 15:17 | Queue | Villager (Male) |
| 15:18 | Build | House |
| 15:21 | Build | Palisade Wall |
| 15:24 | Build | Palisade Wall |
| 15:29 | Queue | Archer |
| 15:53 | Queue | Villager (Male) |
| 16:02 | Build | Stable |
| 16:21 | Queue | Villager (Male) |
| 16:24 | Build | Lumber Camp |
| 16:43 | Queue | Villager (Male) |
| 16:56 | Queue | Villager (Male) |
| 16:59 | Build | Farm |
| 17:13 | Queue | Archer |
| 17:33 | Queue | Villager (Male) |
| 17:53 | Build | House |
| 17:53 | Build | Palisade Wall |
| 17:54 | Build | Palisade Wall |
| 18:01 | Build | Farm |
| 18:01 | Build | Farm |
| 18:11 | Build | Mining Camp |
| 18:11 | Research | Castle Age |
| 18:12 | Research | Castle Age |
| 18:15 | Build | Farm |
| 18:39 | Build | Archery Range |
| 18:41 | Build | House |
| 18:50 | Queue | Archer |
| 18:56 | Build | Palisade Wall |
| 18:57 | Build | Palisade Wall |
| 18:57 | Build | Palisade Wall |
| 19:10 | Queue | Archer |
| 19:20 | Build | Farm |
| 19:21 | Queue | Archer |
| 19:45 | Queue | Archer |
| 19:47 | Queue | Archer |
| 19:52 | Research | Padded Archer Armor |
| 19:55 | Build | Farm |
| 19:56 | Research | Horse Collar |
| 20:37 | Queue | Villager (Male) |
| 20:51 | Age | Castle Age |
| 20:54 | Research | Crossbowman (upgrade) |
| 20:57 | Research | Bodkin Arrow |
| 20:58 | Queue | Villager (Male) |
| 21:03 | Build | University |
| 21:14 | Build | Farm |
| 21:16 | Queue | Knight |
| 21:30 | Queue | Villager (Male) |
| 21:52 | Queue | Archer |
| 21:52 | Queue | Archer |
| 21:53 | Queue | Villager (Male) |
| 21:55 | Queue | Knight |
| 22:14 | Queue | Knight |
| 22:18 | Queue | Villager (Male) |
| 22:49 | Research | Ballistics |
| 22:52 | Queue | Villager (Male) |
| 22:53 | Queue | Villager (Male) |
| 23:18 | Queue | Villager (Male) |
| 23:25 | Research | Bow Saw |
| 23:25 | Research | Bow Saw |
| 23:27 | Queue | Archer |
| 23:27 | Queue | Archer |
| 23:43 | Queue | Villager (Male) |
| 23:58 | Queue | Villager (Male) |
| 24:05 | Queue | Villager (Male) |
| 24:07 | Build | House |
| 24:09 | Build | House |
| 24:16 | Build | Town Center |
| 24:26 | Queue | Villager (Male) |
| 24:32 | Research | Wheelbarrow |
| 24:34 | Queue | Archer |
| 24:35 | Queue | Archer |
| 24:37 | Queue | Knight |
Match timeline
| 4:54 | 令狐冲 · first_building Barracks |
| 4:56 | The nicest husband · first_building Barracks |
| 5:08 | 令狐冲 · wall_segment Palisade Wall x3 |
| 8:37 | 令狐冲 · age_up feudal |
| 8:39 | 令狐冲 · first_building Archery Range |
| 9:02 | The nicest husband · wall_segment Palisade Wall x1 |
| 9:03 | The nicest husband · wall_segment Palisade Wall x1 |
| 9:46 | The nicest husband · wall_segment Palisade Wall x1 |
| 9:53 | The nicest husband · wall_segment Palisade Wall x1 |
| 9:54 | The nicest husband · wall_segment Palisade Wall x1 |
| 9:58 | The nicest husband · wall_segment Palisade Wall x1 |
| 10:00 | The nicest husband · wall_segment Palisade Wall x2 |
| 11:41 | The nicest husband · age_up feudal |
| 12:00 | The nicest husband · first_building Archery Range |
| 14:47 | The nicest husband · wall_segment Palisade Wall x1 |
| 14:51 | The nicest husband · wall_segment Palisade Wall x1 |
| 15:11 | 令狐冲 · wall_segment Palisade Wall x10 |
| 15:21 | 令狐冲 · wall_segment Palisade Wall x5 |
| 15:24 | 令狐冲 · wall_segment Palisade Wall x3 |
| 16:02 | 令狐冲 · first_building Stable |
| 17:53 | 令狐冲 · wall_segment Palisade Wall x1 |
| 17:54 | 令狐冲 · wall_segment Palisade Wall x1 |
| 17:57 | The nicest husband · wall_segment Palisade Wall x3 |
| 17:58 | The nicest husband · wall_segment Palisade Wall x1 |
| 18:39 | The nicest husband · wall_segment Palisade Wall x8 |
| 18:56 | 令狐冲 · wall_segment Palisade Wall x1 |
| 18:57 | 令狐冲 · wall_segment Palisade Wall x1 |
| 18:57 | 令狐冲 · wall_segment Palisade Wall x1 |
| 19:05 | The nicest husband · wall_segment Palisade Wall x1 |
| 19:06 | The nicest husband · wall_segment Palisade Wall x1 |
| 20:39 | The nicest husband · first_market_sell 500 wood |
| 20:40 | The nicest husband · first_market_buy 100 food |
| 20:51 | 令狐冲 · age_up castle |
| 23:46 | The nicest husband · age_up castle |
| 23:49 | The nicest husband · first_building Siege Workshop |
| 26:33 | 令狐冲 · first_building Siege Workshop |
| 27:47 | 令狐冲 · first_building Monastery |
| 28:29 | The nicest husband · first_building Monastery |
| 30:25 | The nicest husband · first_building Castle |
| 33:05 | 令狐冲 · first_building Castle |
| 34:16 | 令狐冲 · age_up imperial |
| 37:00 | 令狐冲 · wall_segment Stone Wall x1 |
| 39:07 | The nicest husband · resign |
[ AI ANALYSIS · 1 CREDIT ]
What really happened in this match?
Wolo.gg analyzes every decision: build order, eco, micro, common mistakes by bracket. Personalized analysis on WhatsApp or Discord in 30 seconds.
Civ guide
Celts
Perfil
Jugador #262424